 Dungeon Crawl Stone Soup version 0.23.2-33-g5129a83184 (webtiles) character file.

Game seed: 17347574390146952587

8981 DildoBatman the Tainter (level 11, -5/79 HPs)
             Began as a Formicid Wizard on Aug 9, 2019.
             Was an Elder of Kikubaaqudgha.
             Killed from afar by a gargoyle (21 damage)
             ... with a stone arrow
             ... on level 10 of the Dungeon.
             The game lasted 00:41:18 (11153 turns).

DildoBatman the Tainter (Formicid Wizard)          Turns: 11153, Time: 00:41:18

Health: -5/79      AC:  9    Str: 12      XL:     11   Next: 65%
Magic:  14/18      EV: 14    Int: 21      God:    Kikubaaqudgha [****..]
Gold:   973        SH:  5    Dex: 10 (13) Spells: 8/20 levels left

rFire    . . .     SeeInvis +   a - +5 trident (curse)
rCold    . . .     Gourm    .   l - +0 buckler
rNeg     . . .     Faith    +   H - +0 leather armour {rPois}
rPois    +         Spirit   .   (helmet unavailable)
rElec    .         Reflect  .   w - +2 cloak
rCorr    .         Harm     .   j - +0 pair of gloves
MR       +....                  F - +0 pair of boots
Stlth    +++.......             t - amulet of faith
HPRegen  0.23/turn              P - +2 ring of evasion
MPRegen  0.16/turn              u - +4 ring of dexterity

@: very slightly contaminated
A: permanent stasis, dig shafts and tunnels, four strong arms, antennae 3
a: Dig, Shaft Self, Receive Corpses, Renounce Religion


You were on level 10 of the Dungeon.
You worshipped Kikubaaqudgha.
Kikubaaqudgha was greatly pleased with you.
You were hungry.

You visited 2 branches of the dungeon, and saw 12 of its levels.

You collected 1563 gold pieces.
You spent 590 gold pieces at shops.

Inventory:

Hand Weapons
 a - a cursed +5 trident (weapon)
 b - a +0 hunting sling
Missiles
 c - 4 silver tomahawks
 d - 4 tomahawks
 e - 293 stones (quivered)
 k - 107 arrows
 q - 31 sling bullets
 B - 51 bolts
 E - 3 throwing nets
Armour
 j - a +0 pair of gloves (worn)
 l - a +0 buckler (worn)
 s - a +0 leather armour of cold resistance
 w - a +2 cloak (worn)
 C - a +0 shield
 F - a +0 pair of boots (worn)
 H - a +0 leather armour of poison resistance (worn)
 N - +0 steam dragon scales
Jewellery
 t - an amulet of faith (around neck)
 u - a +4 ring of dexterity (right hand)
 y - an uncursed ring of fire
 A - an uncursed ring of ice
 P - a +2 ring of evasion (left hand)
Wands
 K - a wand of acid (12)
Scrolls
 g - 4 scrolls of enchant weapon
 m - 3 scrolls of random uselessness {unknown}
 o - 4 scrolls of fear
 p - 3 scrolls of enchant armour
 x - 10 scrolls of remove curse
 z - 2 scrolls of identify
 D - 3 scrolls of immolation {unknown}
 I - 2 scrolls of fog {unknown}
 J - 2 scrolls of amnesia {unknown}
 L - 2 scrolls of silence {unknown}
 Q - a scroll of noise {unknown}
Potions
 h - 2 potions of brilliance
 i - 2 potions of might
 n - 3 potions of curing
 r - 3 potions of agility
 G - 4 potions of ambrosia
 M - a potion of cancellation {unknown}
 R - 2 potions of heal wounds {unknown}
Comestibles
 v - 21 rations


   Skills:
 - Level 5.1 Fighting
 - Level 2.0 Polearms
 - Level 5.1 Armour
 - Level 3.0 Dodging
 - Level 6.1 Stealth
 * Level 5.7 Shields
 - Level 5.0 Spellcasting
 - Level 6.0 Conjurations
 - Level 4.0 Charms
   Level 1.0 Summonings
 - Level 6.4 Necromancy
   Level 0.8 Translocations
 - Level 4.0 Fire Magic
 - Level 4.0 Air Magic
 - Level 8.2 Poison Magic


You had 8 spell levels left.
You knew the following spells:

 Your Spells              Type           Power        Failure   Level  Hunger
a - Conjure Flame         Conj/Fire      ####....     5%          3    ##.....
c - Magic Dart            Conj           ####         1%          1    None
d - Regeneration          Chrm/Necr      ####......   4%          3    ##.....
e - Mephitic Cloud        Conj/Pois/Air  ####....     3%          3    ##.....
z - Sublimation of Blood  Necr           ####......   1%          2    None

Your spell library contained the following spells:

 Spells                   Type           Power        Failure   Level  Hunger
 Animate Skeleton         Necr           N/A          1%          1    None
 Pain                     Necr           ####         1%          1    None
 Vampiric Draining        Necr           ####......   3%          3    ##.....
 Animate Dead             Necr           N/A          10%         4    ####...
 Confusing Touch          Hex            #.....       14%         1    None
 Call Imp                 Summ           #.......     14%         2    None
 Slow                     Hex            #.......     21%         2    None
 Agony                    Necr           ####....     26%         5    #####..
 Dispel Undead            Necr           ####....     26%         5    #####..
 Gell's Gravitas          Tloc           #.........   28%         3    ##.....
 Bolt of Draining         Conj/Necr      ####......   30%         5    #####..
 Confuse                  Hex            #.......     38%         3    ##.....
 Excruciating Wounds      Chrm/Necr      ####......   41%         5    #####..
 Petrify                  Tmut/Erth      #.......     80%         4    ####...
 Metabolic Englaciation   Hex/Ice        #.........   98%         5    #####..
 Yara's Violent Unravell  Hex/Tmut       #.........   98%         5    #####..
 Blink                    Tloc           Unusable     N/A         2    N/A

Dungeon Overview and Level Annotations

Branches:
Dungeon (11/15)            Temple (1/1) D:6            Lair (0/6) D:9
    Orc (0/2) D:9

Altars:
Ashenzari
Cheibriados
Dithmenos
Elyvilon
Fedhas
Gozag
Hepliaklqana
Kikubaaqudgha
Makhleb
Nemelex Xobeh
Okawaru
Qazlal
Ru
Sif Muna
Trog
Uskayaw
Vehumet
Wu Jian
Xom
Yredelemnul
Zin
The Shining One

Shops:
D:8 *   D:11 =%

Annotations:
D:8 2 transporters
D:11 1 exclusion


Innate Abilities, Weirdness & Mutations

You cannot be hasted, slowed, berserked, paralysed or teleported.
You can dig through walls and to a lower floor.
Your four strong arms can wield two-handed weapons with a shield.
You have a pair of large antennae on your head. (SInv)


Message History

You climb upwards.
There is a stone staircase leading down here.
You extend your mandibles.
You dig through the rock wall.
You dig through the rock wall.
The gargoyle hurls a stone arrow at you.
You block the stone arrow.
You dig through the rock wall.
You retract your mandibles.
The gargoyle hurls a stone arrow at you.
You block the stone arrow.
There is an open door here.
There is an open door here.
The gargoyle hurls a stone arrow at you.
The stone arrow hits you!!
There is a stone staircase leading down, spattered with blood here.
The gargoyle hurls a stone arrow at you.
The stone arrow hits you!!
You die...
Kikubaaqudgha rasps: "You have failed me!
Welcome... death!"

#....# #.......# #.# #....#
#.......# ##'### #....#
#.......# #..... #....######
#.......# #..... #....'....#
#..)....# #.....
#....####.###..)....#####.....
#....# #...'.......'...'.....
#....# #####.......#####.....
###### ##@..9...# ###'##
#.#####'## #.# ##9##...# #.#
##.#9### #.## #.....# #..#
#.....### ##)# #.....'.## ##'#
#.....#..#####.>.
#.....##....##...


You could see a gargoyle.

Vanquished Creatures
  A two-headed ogre (D:8)
  An unseen horror (D:10)
  Pikel (D:8)
  An ugly thing (D:11)
  Psyche (D:11)
  A troll (D:10)
  2 hippogriffs
  A wyvern (D:9)
  2 steam dragons
  A hungry ghost (D:8)
  An ice beast (D:11)
  8 orc warriors
  4 slaves
  2 sky beasts
  8 ogres
  2 phantoms
  A centaur (D:10)
  A big kobold (D:10)
  3 bullfrogs
  2 scorpions
  A water moccasin skeleton (D:8)
  2 water moccasin zombies (D:7)
  12 killer bees
  5 wights (D:6)
  2 howler monkeys
  5 crimson imps
  A bullfrog zombie (D:4)
  4 hounds
  2 quasits
  2 centaur zombies (D:4)
  5 jellies
  3 centaur skeletons
  14 orc priests
  13 orc wizards
  2 bullfrog skeletons (D:10)
  2 iguanas
  4 worker ants
  2 hound zombies
  Robin (D:1)
  10 gnolls
  10 adders
  An ooze (D:1)
  3 adder zombies
  3 adder skeletons (D:4)
  3 worms
  4 dart slugs
  4 leopard geckos
  41 orcs
  3 ball pythons
  13 bats
  6 giant cockroaches
  16 goblins
  9 hobgoblins
  12 jackals
  5 quokkas
  2 frilled lizards
  A jackal zombie (D:4)
  13 kobolds
  A leopard gecko skeleton (D:4)
  2 leopard gecko zombies
  2 quokka skeletons
  A quokka zombie (D:4)
  9 rats
300 creatures vanquished.

Vanquished Creatures (others)
  A bullfrog (D:7)
1 creature vanquished.

Grand Total: 301 creatures vanquished

Notes
Turn   | Place    | Note
-------+----------+-------------------------------------------
     0 | D:1      | DildoBatman the Formicid Wizard began the quest for the
                  | Orb.
     0 | D:1      | Reached XP level 1. HP: 13/13 MP: 4/4
    87 | D:1      | Reached skill level 1 in Conjurations
   480 | D:1      | Reached XP level 2. HP: 14/19 MP: 3/6
   870 | D:1      | Reached XP level 3. HP: 12/24 MP: 0/7
   875 | D:1      | Learned a level 3 spell: Conjure Flame
   879 | D:1      | Learned a level 3 spell: Mephitic Cloud
  1711 | D:1      | Reached XP level 4. HP: 21/30 MP: 0/8
  2016 | D:2      | Reached skill level 1 in Shields
  2137 | D:2      | Noticed Robin
  2458 | D:2      | Reached XP level 5. HP: 35/35 MP: 7/9
  2774 | D:3      | Found an ornate altar of the Wu Jian Council.
  3509 | D:3      | Reached XP level 6. HP: 38/41 MP: 4/10
  3833 | D:4      | Reached skill level 5 in Conjurations
  4305 | D:4      | Noticed a phantom
  4516 | D:4      | Reached XP level 7. HP: 40/46 MP: 7/11
  4651 | D:4      | Reached skill level 1 in Poison Magic
  4701 | D:4      | Reached skill level 1 in Fire Magic
  4711 | D:4      | Reached skill level 1 in Air Magic
  4718 | D:4      | Reached skill level 2 in Poison Magic
  5038 | D:4      | Found a blossoming altar of Fedhas.
  5337 | D:5      | Entered Level 5 of the Dungeon
  5359 | D:5      | Found a sparkling altar of Nemelex Xobeh.
  5455 | D:5      | Reached XP level 8. HP: 52/52 MP: 8/12
  5522 | D:5      | Reached skill level 3 in Poison Magic
  6217 | D:6      | Reached skill level 4 in Poison Magic
  6300 | D:6      | Found a staircase to the Ecumenical Temple.
  6307 | Temple   | Entered the Ecumenical Temple
  6504 | Temple   | Became a worshipper of Kikubaaqudgha
  6778 | D:6      | Reached skill level 5 in Poison Magic
  6845 | D:6      | Reached skill level 1 in Polearms
  7072 | D:6      | Reached XP level 9. HP: 43/57 MP: 13/13
  7572 | D:3      | Reached skill level 6 in Poison Magic
  7613 | D:1      | Killed Robin
  7724 | D:7      | Reached * piety under Kikubaaqudgha
  7724 | D:7      | Identified Kikubaaqudgha's Incunabulum of Unholy Magic
                  | (Kikubaaqudgha gifted it to you on level 7 of the Dungeon)
  7724 | D:7      | Received a gift from Kikubaaqudgha
  7730 | D:7      | Learned a level 3 spell: Regeneration
  7733 | D:7      | Learned a level 2 spell: Sublimation of Blood
  7763 | D:7      | Reached skill level 7 in Poison Magic
  7789 | D:7      | Noticed a hippogriff
  7796 | D:7      | Killed a hippogriff
  7816 | D:7      | Reached skill level 8 in Poison Magic
  7910 | D:7      | Reached skill level 1 in Charms
  7910 | D:7      | Reached skill level 1 in Necromancy
  8471 | D:7      | Reached XP level 10. HP: 49/63 MP: 10/14
  8623 | D:8      | Reached ** piety under Kikubaaqudgha
  8626 | D:8      | Noticed a two-headed ogre
  8655 | D:8      | Killed a two-headed ogre
  8865 | D:8      | Found Barorr's Assorted Antiques.
  8871 | D:8      | Bought a scroll labeled JYOSIR WACW for 30 gold pieces
  8941 | D:8      | Found a transporter.
  8977 | D:8      | Found a transporter.
  9289 | D:9      | Noticed Pikel
  9308 | D:8      | Reached skill level 1 in Fighting
  9308 | D:8      | Reached skill level 1 in Armour
  9358 | D:8      | Killed Pikel
  9384 | D:9      | Found a staircase to the Lair.
  9978 | D:9      | Reached XP level 11. HP: 74/74 MP: 11/17
  9987 | D:9      | Reached *** piety under Kikubaaqudgha
  9987 | D:9      | Identified Kikubaaqudgha's Grimoire of Darkness
                  | (Kikubaaqudgha gifted it to you on level 9 of the Dungeon)
  9987 | D:9      | Received a gift from Kikubaaqudgha
 10044 | D:9      | Found a staircase to the Orcish Mines.
 10149 | D:10     | Entered Level 10 of the Dungeon
 10243 | D:10     | Reached skill level 5 in Stealth
 10464 | D:10     | Reached skill level 5 in Spellcasting
 10519 | D:10     | Noticed an unseen horror
 10530 | D:10     | Killed an unseen horror
 10794 | D:11     | Found Kynniliu's Jewellery Shoppe.
 10801 | D:11     | Reached skill level 5 in Fighting
 10801 | D:11     | Reached skill level 5 in Armour
 10819 | D:11     | Bought an uncursed amulet of faith for 560 gold pieces
 10830 | D:11     | Found Xuisch's Food Shop.
 10864 | D:11     | Noticed a green ugly thing
 10878 | D:11     | Killed a green ugly thing
 10883 | D:11     | Reached **** piety under Kikubaaqudgha
 10915 | D:11     | Noticed Psyche
 10921 | D:11     | Killed Psyche
 10921 | D:11     | Reached skill level 5 in Shields
 11153 | D:10     | Killed from afar by a gargoyle

Skill      XL: |  1  2  3  4  5  6  7  8  9 10 11 |
---------------+----------------------------------+-----
Conjurations   | 1 2 3 4 5 6 |  6.0
Shields        | 2 3 5 |  5.7
Poison Magic   | 2 5 8 |  8.2
Fire Magic     | 2 4 |  4.0
Air Magic      | 1 3 4 |  4.0
Polearms       | 1 2 |  2.0
Charms         | 3 4 |  4.0
Necromancy     | 3 6 |  6.4
Dodging        | 3 |  3.0
Fighting       | 2 5 |  5.1
Armour         | 2 5 |  5.1
Stealth        | 4 6 |  6.1
Spellcasting   | 4 5 |  5.0
Summonings     | |  1.0
Translocations | |  0.8

Action                   |  1- 3 |  4- 6 |  7- 9 | 10-12 || total
-------------------------+-------+-------+-------+-------++-------
Melee: Unarmed           |    12 |       |       |       ||    12
       Club              |    26 |     8 |       |       ||    34
       Halberd           |       |    30 |   106 |       ||   136
       Trident           |       |       |   177 |   313 ||   490
 Fire: Hunting sling     |       |    62 |    20 |       ||    82
Throw: Stone             |     2 |       |     1 |       ||     3
 Cast: Magic Dart        |   103 |   137 |    89 |    12 ||   341
       Conjure Flame     |     1 |       |    16 |    22 ||    39
       Mephitic Cloud    |       |     4 |    24 |    31 ||    59
       Regeneration      |       |       |     3 |     9 ||    12
 Abil: Dig               |     1 |     3 |     4 |     7 ||    15
Evoke: Wand              |       |       |     2 |     5 ||     7
  Use: Scroll            |       |       |    14 |       ||    14
       Potion            |       |       |     2 |       ||     2
 Stab: Sleeping          |     2 |       |     2 |     6 ||    10
       Confused          |       |       |    18 |    25 ||    43
       Distracted        |       |       |       |     1 ||     1
  Eat: Chunk             |     3 |     9 |    14 |    14 ||    40
       Ration            |       |       |     1 |       ||     1
Armor: Robe              |    15 |    12 |       |       ||    27
       Leather armour    |       |    20 |    64 |    66 ||   150
Dodge: Dodged            |    48 |    84 |   118 |   130 ||   380
Block: Buckler           |       |    11 |    34 |    45 ||    90
